 Dungeon Crawl Stone Soup version 0.31-a0-543-geaa9c7a2c0 (webtiles) character file.

Game seed: 17270168672302243605

1606 AdnanSaban the Cudgeller (level 8, -2/50 HPs)
             Began as a Gargoyle Fighter on Aug 15, 2023.
             Was a Believer of Okawaru.
             Slain by a wight
             ... wielding a +4 long sword of freezing
              (3 damage)
             ... on level 7 of the Dungeon.
             The game lasted 00:05:12 (5414 turns).

AdnanSaban the Cudgeller (Gargoyle Fighter)         Turns: 5414, Time: 00:05:13

Health: -2/50      AC: 13    Str: 22    XL:     8   Next: 94%
Magic:  8/8        EV: 10    Int:  9    God:    Okawaru [**....]
Gold:   291        SH:  4    Dex:  9    Spells: 7/7 levels left

rFire   + . .        r - +2 whip (venom)
rCold   . . .        c - +0 buckler
rNeg    + . .        b - +0 scale mail
rPois   ∞            (no helmet)
rElec   +            (no cloak)
rCorr   +            (no gloves)
SInv    .            (no boots)
Will    .....        (no amulet) Stlth
                     v - ring of resist corrosion
HPRegen 0.28/turn    x - ring of protection from fire
MPRegen 0.11/turn

%: no passive effects
@: no status effects
A: sickness immunity, AC +5, negative energy resistance 1, electricity
resistance, torment resistance 1, petrification resistance
a: Renounce Religion, Heroism


You were on level 7 of the Dungeon.
You worshipped Okawaru.
Okawaru was pleased with you.
You visited 1 branch of the dungeon, and saw 7 of its levels.

You collected 291 gold pieces.

Inventory:

Hand Weapons
 r - a +2 whip of venom (weapon)
Missiles
 z - a boomerang
 A - 2 curare-tipped darts
 B - 19 poisoned darts
Armour
 b - a +0 scale mail (worn)
 c - a +0 buckler (worn)
Jewellery
 v - a ring of resist corrosion (left hand)
 x - a ring of protection from fire (right hand)
Wands
 l - a wand of light (6)
 p - a wand of charming (5)
 w - a wand of flame (7)
 y - a wand of iceblast (8)
Scrolls
 a - a scroll of enchant weapon {unknown}
 e - 2 scrolls of teleportation {unknown}
 g - 2 scrolls of immolation {unknown}
 i - a scroll of poison {unknown}
 k - a scroll of torment {unknown}
 q - 2 scrolls of silence {unknown}
 s - 7 scrolls of identify {unknown}
 u - a scroll of fog {unknown}
 C - a scroll of amnesia {unknown}
Potions
 d - 3 potions of might
 f - a potion of haste {unknown}
 h - 2 potions of lignification {unknown}
 j - a potion of enlightenment {unknown}
 m - 4 potions of degeneration {unknown}
 n - a potion of brilliance {unknown}
 o - a potion of mutation {unknown}
 t - 3 potions of resistance {unknown}
 D - 2 potions of curing {unknown}


   Skills:
 + Level 5.6 Fighting
 + Level 7.2 Maces & Flails
 + Level 7.0 Armour
 + Level 2.0 Dodging
 + Level 1.3 Stealth
 + Level 5.0 Shields


You had 7 spell levels left.
You didn't know any spells.
Your spell library contained the following spells:

 Spells                   Type           Power      Damage    Failure   Level
 Necrotise                Necr           0%         1d4       75%         1
 Blink                    Tloc           0%         N/A       87%         2
 Lesser Beckoning         Tloc           0%         N/A       87%         2
 Momentum Strike          Conj/Tloc      0%         3d8       87%         2
 Inner Flame              Hex/Fire       0%         N/A       98%         3
 Vampiric Draining        Necr           0%         2d6       98%         3
 Flame Wave               Conj/Fire      0%         2d4       100%        4
 Sticky Flame             Conj/Fire      0%         2d3       100%        4
 Agony                    Necr           0%         N/A       100%        5


Dungeon Overview and Level Annotations

Branches:
Dungeon (7/15)             Temple (0/1) D:5

Altars:
Fedhas
Okawaru
Xom

Shops:
D:5 (?!!   D:6 (

Annotations:
D:3 Natasha


Innate Abilities, Weirdness & Mutations

You are immune to sickness and miasma.
Your stone body is resilient. (AC +5)
You are immune to poison.
You resist negative energy. (rN+)
You are resistant to electric shocks. (rElec)
You are resistant to unholy torment.
You are immune to petrification.


Message History

a +0 hand axe; an orc corpse
Found a stone staircase leading down.
s - 6 scrolls labelled JYGOEW EFEODIO (gained 1)
Found a glaive.
No target in view!
Found an escape hatch in the floor.
s - 7 scrolls labelled JYGOEW EFEODIO (gained 1)
A wight comes into view.
It is wielding a +4 long sword of freezing.
A wight is nearby!
The wight misses you.
You completely miss the wight. The wight barely misses you.
You barely miss the wight.
The wight hits you with a +4 long sword of freezing.
The wight freezes you.
You closely miss the wight. You hit the wight but do no damage.
The wight hits you but does no damage.
You hit the wight but do no damage.
The wight hits you with a +4 long sword of freezing!
The wight freezes you.
You barely miss the wight.
The wight hits you with a +4 long sword of freezing!
The wight freezes you.
You are too injured to fight recklessly!
You are too injured to fight recklessly!
You are too injured to fight recklessly!
You are too injured to fight recklessly!
You are too injured to fight recklessly!
You are too injured to fight recklessly!
A wight is nearby!
You closely miss the wight. You hit the wight but do no damage.
The wight hits you with a +4 long sword of freezing!
* * * LOW HITPOINT WARNING * * *
The wight freezes you.
* * * LOW HITPOINT WARNING * * *
You barely miss the wight.
The wight hits you with a +4 long sword of freezing!
* * * LOW HITPOINT WARNING * * *
The wight freezes you.
You die...

############# #
#...#.......# ##
##)..#.......# #.
#.####............###.
#...z@.............##.
######.............##.
##...###.###.....
##.##.........##
###.##.#.##....##
#.>.......#......
#.#.#..#...>...##
#.#....##.#.##...
#.#.#.###.#......


You could see a wight.

Vanquished Creatures
  Eustachio (D:5)
  A black bear (D:5)
  2 ogres (D:5)
  A centaur (D:5)
  A phantom (D:6)
  3 kobold brigands
  A gnoll sergeant (D:5)
  3 scorpions
  2 howler monkeys (D:7)
  2 hounds
  Ijyb (D:3)
  6 iguanas
  Natasha (D:3)
  2 orc wizards (D:7)
  3 gnolls
  8 adders
  A shadow imp (D:5)
  A white imp (D:6)
  A worm (D:2)
  2 dart slugs
  14 orcs
  4 ball pythons
  7 bats
  4 endoplasms
  3 giant cockroaches
  5 goblins
  9 hobgoblins
  18 kobolds
  3 quokkas
  6 frilled lizards
  2 rats (D:3)
118 creatures vanquished.

Notes
Turn   | Place    | Note
-------+----------+-------------------------------------------
     0 | D:1      | AdnanSaban the Gargoyle Fighter began the quest for the
                  | Orb.
     0 | D:1      | Reached XP level 1. HP: 14/14 MP: 1/1
   139 | D:1      | Reached XP level 2. HP: 19/19 MP: 2/2
   537 | D:2      | Reached XP level 3. HP: 22/23 MP: 3/3
   705 | D:2      | Reached XP level 4. HP: 28/29 MP: 4/4
  1381 | D:3      | Noticed Ijyb
  1409 | D:3      | Killed Ijyb
  1410 | D:3      | Reached XP level 5. HP: 31/33 MP: 5/5
  1432 | D:3      | Noticed Natasha
  1439 | D:3      | Killed Natasha
  1496 | D:3      | Noticed a steam dragon
  1497 | D:3      | Noticed Natasha
  1619 | D:4      | Found an iron altar of Okawaru.
  1627 | D:4      | Became a worshipper of Warmaster Okawaru
  2548 | D:5      | Entered Level 5 of the Dungeon
  2549 | D:5      | Found a shimmering altar of Xom.
  2567 | D:5      | Reached XP level 6. HP: 8/39 MP: 6/6
  2750 | D:5      | Noticed Eustachio
  2755 | D:5      | Noticed a black bear
  2780 | D:5      | Killed Eustachio
  2780 | D:5      | Reached * piety under Okawaru
  2781 | D:5      | Reached skill level 5 in Armour
  2781 | D:5      | Reached skill level 1 in Dodging
  2916 | D:5      | Reached XP level 7. HP: 23/44 MP: 7/7
  2979 | D:5      | Reached skill level 5 in Maces & Flails
  3040 | D:5      | Found Kausmumick's Magic Scroll Boutique.
  3101 | D:5      | Found Qeklits's Distillery.
  3103 | D:5      | Found Enoppipa's Distillery.
  3109 | D:5      | Found Etset's Antique Weapon Boutique.
  3410 | D:5      | Found a staircase to the Ecumenical Temple.
  3544 | D:5      | Reached ** piety under Okawaru
  3545 | D:5      | Reached skill level 5 in Fighting
  3545 | D:5      | Reached XP level 8. HP: 25/49 MP: 8/8
  4021 | D:6      | Found Puamen's Weapon Shoppe.
  4444 | D:6      | Reached skill level 1 in Stealth
  4537 | D:6      | Found a blossoming altar of Fedhas.
  5257 | D:7      | Reached skill level 5 in Shields
  5414 | D:7      | HP: 1/50 [wight/+4 long sword of freezing (9)]
  5414 | D:7      | Slain by a wight

Illustrated notes

Levels and vault maps discovered:
D:1:      dpeg_arrival_stonehenge_12_columns, layout_basic
D:2:      layout_loops_ring
D:3:      layout_basic, minmay_cupped, uniq_natasha, uniq_ijyb
D:4:      layout_cave_pods, okawaru_trees_1, minmay_misc_feat_five
D:5:      layout_rooms, lemuel_tele_altar, minmay_temple_entry_sparse_star,
          minmay_shop_grid_forest, uniq_eustachio
D:6:      layout_layer_cave, fedhas_altar_1, serial_shops,
          nicolae_shop_just_a_little_nook
D:7:      layout_loops_cross, uniq_crazy_yiuf_cottage

Skill      XL: |  1  2  3  4  5  6  7  8 |
---------------+-------------------------+-----
Armour         | 4 5 6 7 |  7.0
Maces & Flails | 3 4 5 7 |  7.2
Fighting       | 4 5 |  5.6
Dodging        | 1 2 |  2.0
Shields        | 4 5 |  5.0
Stealth        | 1 |  1.3

Action                     |  1- 3 |  4- 6 |  7- 9 || total
---------------------------+-------+-------+-------++-------
  Melee: Flail             |   112 |    80 |       ||   192
         Whip              |       |    68 |   221 ||   289
 Armour: Scale mail        |    54 |    74 |   104 ||   232
  Dodge: Dodged            |    50 |    61 |    71 ||   182
  Block: Buckler           |    25 |    31 |    40 ||    96

Table legend: (Time is in decaauts)
 A = Elapsed time spent in this place.
 B = Non-inter-level travel time spent in this place.
 C = Inter-level travel time spent in this place.
 D = Time resting spent in this place.
 E = Time spent auto-exploring this place.
 F = Levels seen in this place.
 G = Mean time per level.
                   A        B        C        D        E       F      G
               +--------+--------+--------+--------+--------+-----+--------+
         Total |   5426 |   5190 |    236 |    227 |   3948 |   7 |  775.1 |
       Dungeon |   5426 |   5190 |    236 |    227 |   3948 |   7 |  775.1 |
               +--------+--------+--------+--------+--------+-----+--------+

Top non-repeatable levels by time:
     D:6: 1224 daAuts
     D:5: 953 daAuts
     D:4: 890 daAuts
     D:3: 748 daAuts
     D:2: 719 daAuts
     D:1: 492 daAuts
     D:7: 397 daAuts
